 Dungeon Crawl Stone Soup version 0.31-a0-848-gaac375c287 (webtiles) character file.

Game seed: 9430594428910015179

20 Kurtz the Sneak (level 2, 22/24 HPs)
             Began as a Mummy Delver on Oct 4, 2023.
             Quit the game on level 2 of the Dungeon.
             The game lasted 00:00:28 (215 turns).

Kurtz the Sneak (Mummy Delver)                       Turns: 215, Time: 00:00:28

Health: 22/24      AC:  3    Str: 15    XL:     2   Next: 58%
Magic:  2/2        EV: 11    Int:  9    God:
Gold:   27         SH:  0    Dex: 13    Spells: 1/1 levels left

rFire   x . .        a - +0 mace
rCold   + . .        (no shield)
rNeg    + + +        b - +0 leather armour
rPois   ∞            (no helmet)
rElec   .            (no cloak)
rCorr   .            (no gloves)
SInv    .            (no boots)
Will    .....        (no amulet)
Stlth   ++           (no ring)
HPRegen 0.24/turn    (no ring)
MPRegen 0.08/turn

%: faith
@: no status effects
A: cold resistance 1, negative energy resistance 3, torment resistance 2, heat
vulnerability 1, in touch with death 1, no potions, faith
a: no special abilities


You were on level 2 of the Dungeon.
You visited 1 branch of the dungeon, and saw 4 of its levels.

You collected 27 gold pieces.

Inventory:

Hand Weapons
 a - a +0 mace (weapon)
Armour
 b - a +0 leather armour (worn)
Wands
 f - a wand of digging (3)
Scrolls
 c - a scroll of fog
 d - a scroll of revelation
 e - a scroll of fear


   Skills:
 - Level 3.0 Fighting
 * Level 2.6 Maces & Flails
 - Level 1.5 Dodging
 - Level 4.1 Stealth


You had one spell level left.
You didn't know any spells.
Your spell library was empty.

Dungeon Overview and Level Annotations

Branches:
Dungeon (5/15)
 Temple: D:4-7

Altars:


Innate Abilities, Weirdness & Mutations

You are immune to poison.
Your flesh is cold resistant. (rC+)
You are immune to negative energy. (rN+++)
You are immune to unholy pain and torment.
You are vulnerable to heat. (rF-)
You are in touch with the powers of death.
You do not drink.
You have a special connection with the divine. (Faith)


Message History

You hit the giant cockroach.
The giant cockroach is heavily wounded.
The giant cockroach waves its antennae.
The giant cockroach closely misses you. x2
You hit the giant cockroach.
You kill the giant cockroach!
No target in view!
No target in view!
You now have 27 gold pieces (gained 13).
A bat and a goblin come into view.
Found 3 poisoned darts.
There are monsters nearby!
There are monsters nearby!
The goblin shouts!
The bat barely misses you. x2; The bat closely misses you.
You closely miss the bat. The bat barely misses you.
You miss the bat. The bat hits you. The bat hits you but does no damage.
You closely miss the bat. The bat barely misses you.
The bat hits you but does no damage.
You hit the bat.
The bat is heavily wounded.
The bat hits you but does no damage.
You miss the bat.
The bat is heavily wounded.
The bat hits you but does no damage. The goblin hits you but does no damage.
The goblin barely misses you.
You closely miss the goblin. The bat hits you.
The goblin hits you with a +0 dagger.
You barely miss the bat.
The bat is moderately wounded.
The bat completely misses you. The goblin barely misses you.
You closely miss the bat.
The bat is moderately wounded.
The bat hits you but does no damage. The goblin hits you but does no damage.
The bat barely misses you. The goblin hits you with a +0 dagger.
You barely miss the bat.
The bat is moderately wounded.
The bat closely misses you. The bat hits you but does no damage.
The goblin hits you but does no damage.
Are you sure you want to abandon this character and quit the game? (Confirm with "yes".)

###.....## #.#
##...## #.#
##### #.# #.#
#.# #.# #.#
..##.####.#####
#.....g@......#
####(##b....#.#
##...## ##.##
#.# #.# #+#


You could see a goblin and a bat.

Vanquished Creatures
  An adder (D:5)
  A dart slug (D:4)
  An endoplasm (D:4)
  2 giant cockroaches
  2 goblins
  A kobold (D:3)
8 creatures vanquished.

Notes
Turn   | Place    | Note
-------+----------+-------------------------------------------
     0 | D:5      | Kurtz the Mummy Delver began the quest for the Orb.
     0 | D:5      | Reached XP level 1. HP: 18/18 MP: 1/1
    22 | D:5      | Reached XP level 2. HP: 15/24 MP: 2/2
   215 | D:2      | Quit the game

Illustrated notes

Levels and vault maps discovered:
D:2:      layout_loops_corners, serial_shops, shop
D:3:      layout_rooms, mainiacjoe_overflow_chevrons, hex_medium,
          grunt_ministairs_2, minivault_26
D:4:      layout_rooms
D:5:      layout_rooms, zin_academy, eat_drink_and_be_merry_uskayaw,
          uniq_duvessa, uniq_menkaure

Skill      XL: |  1 |
---------------+----+-----
Maces & Flails | 2 |  2.6
Fighting       | |  3.0
Dodging        | |  1.5
Stealth        | |  4.1

Action                     || total
---------------------------++-------
  Melee: Mace              ||    27
   Stab: Sleeping          ||     1
 Armour: Leather armour    ||    28
  Dodge: Dodged            ||    18

Table legend: (Time is in decaauts)
 A = Elapsed time spent in this place.
 B = Non-inter-level travel time spent in this place.
 C = Inter-level travel time spent in this place.
 D = Time resting spent in this place.
 E = Time spent auto-exploring this place.
 F = Levels seen in this place.
 G = Mean time per level.
                   A        B        C        D        E       F      G
               +--------+--------+--------+--------+--------+-----+--------+
         Total |    223 |    223 |      0 |     62 |     71 |   4 |   55.8 |
       Dungeon |    223 |    223 |      0 |     62 |     71 |   4 |   55.8 |
               +--------+--------+--------+--------+--------+-----+--------+

Top non-repeatable levels by time:
     D:2: 96 daAuts
     D:5: 80 daAuts
     D:4: 30 daAuts
     D:3: 16 daAuts
